 Dungeon Crawl Stone Soup version 0.29-a0-214-g17f627cfee (webtiles) character file.

Game seed: 17308705421949905940

36 Hasart the Bolt Thrower (level 3, 0/29 HPs)
             Began as a Demigod Hunter on Feb 24, 2022.
             Slain by Terence
             ... wielding a +0 mace
              (8 damage)
             ... on level 1 of the Dungeon.
             The game lasted 00:02:53 (1860 turns).

Hasart the Bolt Thrower (Demigod Hunter)            Turns: 1860, Time: 00:02:54

Health: 0/29       AC:  3    Str: 13    XL:     3   Next: 5%
Magic:  5/5        EV: 12    Int: 13    God:
Gold:   121        SH:  0    Dex: 18    Spells: 2/2 levels left

rFire   . . .      SeeInvis .   a - +1 hand crossbow
rCold   . . .      Faith    .   (no shield)
rNeg    . . .      Spirit   .   b - +0 leather armour
rPois   .          Reflect  .   (no helmet)
rElec   .          Harm     .   (no cloak)
rCorr   .          Rampage  .   (no gloves)
Will    .....                   (no boots)
Stlth   ++........              (no amulet)
HPRegen 0.09/turn               (no ring)
MPRegen 0.09/turn               (no ring)

@: no status effects
A: high MP 1, forlorn, divine attributes
a: no special abilities


You were on level 1 of the Dungeon.
You visited 1 branch of the dungeon, and saw 2 of its levels.

You collected 121 gold pieces.

Inventory:

Hand Weapons
 a - a +1 hand crossbow (weapon)
Armour
 b - a +0 leather armour (worn)
Scrolls
 c - a scroll of teleportation {unknown}
 d - a scroll of silence {unknown}
 f - a scroll of vulnerability {unknown}
Potions
 e - a potion of lignification {unknown}


   Skills:
 + Level 2.1 Fighting
 * Level 4.0 Crossbows
 + Level 2.1 Dodging
 + Level 1.5 Stealth


You had 2 spell levels left.
You didn't know any spells.
Your spell library contained the following spells:

 Spells                   Type           Power      Damage    Failure   Level
 Beastly Appendage        Tmut           0%         N/A       36%         1
 Wereblood                Tmut           0%         N/A       52%         2
 Spider Form              Tmut/Pois      0%         N/A       75%         3


Dungeon Overview and Level Annotations

Branches:
Dungeon (2/15)

Shops:
D:1 [

Annotations:
D:1 Terence


Innate Abilities, Weirdness & Mutations

You have an increased reservoir of magic. (+10% MP)
You shall have no god before yourself.
Your divine heritage dramatically boosts your attributes as you level up.


Message History

You shoot a bolt.
The bolt hits Terence but does no damage.
Terence hits you with a +0 mace.
You shoot a bolt. The bolt hits Terence.
Terence is lightly wounded.
Terence barely misses you.
You shoot a bolt. The bolt barely misses Terence.
Terence closely misses you. Terence completely misses you.
You shoot a bolt. The bolt hits Terence.
Terence is moderately wounded.
Terence closely misses you.
You shoot a bolt. The bolt barely misses Terence.
Terence hits you with a +0 mace.
You shoot a bolt. The bolt hits Terence.
Terence is heavily wounded.
Terence hits you with a +0 mace. x2
* * * LOW HITPOINT WARNING * * *
You are too injured to fight recklessly!
You are too injured to fight recklessly!
You are too injured to fight recklessly!
You are too injured to fight recklessly!
Shoot: a) +1 hand crossbow
Press: ? - help, Q - select action Shift-Dir - straight line, f/p - Terence
Aim: Terence, wielding a +0 mace and wearing a +0 chain mail (heavily wounded, 72% to hit)
You shoot a bolt. The bolt hits Terence.
Terence is severely wounded.
Terence closely misses you.
Shoot: a) +1 hand crossbow
Press: ? - help, Q - select action Shift-Dir - straight line, f/p - Terence
Aim: Terence, wielding a +0 mace and wearing a +0 chain mail (severely wounded, 72% to hit)
You shoot a bolt. The bolt hits Terence.
Terence is almost dead.
Terence hits you but does no damage.
Shoot: a) +1 hand crossbow
Press: ? - help, Q - select action Shift-Dir - straight line, f/p - Terence
Aim: Terence, wielding a +0 mace and wearing a +0 chain mail (almost dead, 72% to hit)
You shoot a bolt. The bolt hits Terence.
Terence is almost dead.
Terence hits you but does no damage. Terence hits you with a +0 mace!
You die...

#.....# #######.###.# #.......#
#.# ####### #.#########.# #.....#
###'#.......#.######.....#
###.........#.#.##.........#
#...........#.#............#
###.#....[..[.#.###..........####
......#†......#.@@(............#.
.##.##.##.....#####.....#......+.
.#.##.⌠.##....# #....#.#.....#.
..####.####...# #...#...#...##.
..#.#.###.#...#####..#..∩..#.....
.#.♣.###.♣.#..#.......#...#......
..#.###.#.#..##....>...#.#.......
#..#.#.#.##.###.........#...#'##.
#.###.8.###..#####......#..##.###


You could see Terence.

Vanquished Creatures
  A gnoll (D:1)
  A dart slug (D:1)
  4 ball pythons (D:1)
  3 endoplasms
  2 giant cockroaches (D:1)
  3 hobgoblins
  A bat (D:1)
  3 frilled lizards (D:1)
  A goblin (D:2)
  4 kobolds
  2 rats (D:1)
25 creatures vanquished.

Notes
Turn   | Place    | Note
-------+----------+-------------------------------------------
     0 | D:1      | Hasart the Demigod Hunter began the quest for the Orb.
     0 | D:1      | Reached XP level 1. HP: 17/17 MP: 3/3
    83 | D:1      | Reached skill level 1 in Stealth
   377 | D:1      | Reached XP level 2. HP: 24/24 MP: 4/4
   378 | D:1      | Found Disacoz's Antique Armour Shoppe.
   888 | D:1      | Reached skill level 4 in Crossbows
  1570 | D:2      | Reached XP level 3. HP: 29/29 MP: 5/5
  1571 | D:2      | Noticed Terence
  1860 | D:1      | Slain by Terence

Illustrated notes

Levels and vault maps discovered:
D:1:      minmay_arrival_split_and_join, layout_basic, serial_shops,
          nicolae_diamond_shop, grunt_decor_mini_mirrors,
          ebering_dispersal_statue_hall
D:2:      layout_rooms, nicolae_ecumenical_pavilion, uniq_crazy_yiuf_cottage,
          uniq_terence, uniq_natasha

Skill      XL: |  1  2 |
---------------+-------+-----
Stealth        | 1 |  1.5
Fighting       | 2 |  2.1
Dodging        | 2 |  2.1
Crossbows      | 4 |  4.0

Action                   || total
-------------------------++-------
 Fire: Hand crossbow     ||    95
Armor: Leather armour    ||    18
Dodge: Dodged            ||    38

Table legend: (Time is in decaauts)
 A = Elapsed time spent in this place.
 B = Non-inter-level travel time spent in this place.
 C = Inter-level travel time spent in this place.
 D = Time resting spent in this place.
 E = Time spent auto-exploring this place.
 F = Levels seen in this place.
 G = Mean time per level.
                   A        B        C        D        E       F      G
               +--------+--------+--------+--------+--------+-----+--------+
         Total |   1893 |   1854 |     39 |    414 |   1046 |   2 |  946.5 |
       Dungeon |   1893 |   1854 |     39 |    414 |   1046 |   2 |  946.5 |
               +--------+--------+--------+--------+--------+-----+--------+

Top non-repeatable levels by time:
     D:1: 1770 daAuts
     D:2: 123 daAuts
